Map: Orbital Shipyard

Players

meeK - Winner!

  • Race: Protoss Protoss
  • League: Master
  • Spawn Location: 7:00

BoostedGrill

  • Race: Protoss Protoss
  • League: Master
  • Spawn Location: 1:00

VOD

Have the link to the VOD?

Description

meeK vs Naniwa

Time

  • Played on: Dec. 29, 2015, 9:22 a.m.
  • Length: 5:57
Show
View Real Time Build Order
Export as new Build Order

meeK Protoss - Winner!

Build Orders:  

Get SALT Encoding   

  12  0:01  Probe (Chrono Boost)  
  13  0:11  Probe (Chrono Boost)  
  14  0:19  Pylon  
  14  0:23  Probe (Chrono Boost)  
  15  0:37  Probe (Chrono Boost)  
  15  0:40  Gateway  
  16  0:47  Probe (Chrono Boost)  
  16  0:49  Assimilator  
  17  0:58  Probe (Chrono Boost)  
  18  1:08  Probe (Chrono Boost)  
  19  1:20  Probe (Chrono Boost)  
  19  1:21  Pylon  
  20  1:27  Cybernetics Core  
  20  1:30  Probe (Chrono Boost)  
  21  1:40  Gateway x2  
  21  1:47  Probe (Chrono Boost)  
  21  1:51  Assimilator  
  22  2:03  Stalker (Chrono Boost)  
  24  2:24  Pylon  
  28  2:31  Stalker x3 (Chrono Boost)  
  30  2:57  Stalker (Chrono Boost)  
  34  3:01  Stalker (Chrono Boost)  
  34  3:04  Stalker (Chrono Boost)  
  36  3:10  Pylon  
  36  3:24  Stalker (Chrono Boost)  
  38  3:32  Stalker (Chrono Boost)  
  36  3:46  Stalker (Chrono Boost)  
  34  4:37  Stalker (Chrono Boost)  
  36  4:55  Stalker (Chrono Boost)  
  30  5:16  Stalker (Chrono Boost)  
  28  5:28  Stalker (Chrono Boost)  
Show
View Real Time Build Order
Export as new Build Order

BoostedGrill Protoss 

Build Orders: 1 Gate Expand 

Get SALT Encoding   

  12  0:02  Probe (Chrono Boost)  
  13  0:12  Probe (Chrono Boost)  
  14  0:19  Pylon  
  14  0:23  Probe (Chrono Boost)  
  15  0:37  Probe (Chrono Boost)  
  15  0:39  Gateway  
  16  0:48  Probe (Chrono Boost)  
  16  0:49  Assimilator  
  17  0:58  Probe (Chrono Boost)  
  18  1:09  Probe (Chrono Boost)  
  19  1:21  Probe (Chrono Boost)  
  19  1:25  Nexus  
  20  1:37  Cybernetics Core  
  21  1:40  Probe (Chrono Boost)  
  21  1:46  Assimilator  
  21  1:50  Probe (Chrono Boost)  
  22  2:01  Probe (Chrono Boost), Pylon  
  23  2:16  Adept (Chrono Boost)  
  23  2:20  Mothership Core (Chrono Boost)  
  27  2:30  Warp Gate  
  27  2:35  Probe  
  27  2:41  Probe (Chrono Boost)  
  27  2:43  Stalker (Chrono Boost)  
  31  2:47  Twilight Council, Probe (Chrono Boost)  
  32  2:53  Probe (Chrono Boost)  
  34  2:58  Probe (Chrono Boost)  
  34  3:03  Probe (Chrono Boost)  
  35  3:09  Probe (Chrono Boost)  
  35  3:11  Stalker  
  38  3:14  Probe (Chrono Boost)  
  38  3:19  Probe (Chrono Boost)  
  40  3:25  Probe (Chrono Boost)  
  38  3:37  Gateway, Pylon  
  38  3:38  Gateway  
  27  4:03  Probe (Chrono Boost)  
  27  4:04  Probe (Chrono Boost)  
  25  4:15  Mothership Core (Chrono Boost)  
  24  4:21  Stalker  
  25  4:38  Zealot x2  
  25  4:49  Probe  
  17  5:03  Probe  
  11  5:20  Probe  
Tags
 
Add a new tag
Caveats
  • Supply blocks, unpowered buildings, or Contaminate may cause inaccurate times.
  • Supply counts are checked every 10 seconds.